 Dungeon Crawl Stone Soup version 0.31.0-11-ge490571c62 (webtiles) character file.

Game seed: 17950731580489220430

9 zenocrate the Covert (level 2, -2/29 HPs)
             Began as a Gnoll Delver on Feb 1, 2024.
             Was an Initiate of Cheibriados.
             Killed from afar by an orc wizard (5 damage)
             ... with a magic dart
             ... on level 4 of the Dungeon.
             The game lasted 00:00:30 (354 turns).

zenocrate the Covert (Gnoll Delver)                  Turns: 354, Time: 00:00:31

Health: -2/29      AC:  3    Str: 12    XL:     2   Next: 16%
Magic:  2/2        EV: 13    Int: 10    God:    Cheibriados [......]
Gold:   30         SH:  0    Dex: 14    Spells: 1/1 levels left

rFire   . . .        a - +0 falchion
rCold   . . .        (no shield)
rNeg    . . .        b - +0 leather armour
rPois   .            (no helmet)
rElec   .            (no cloak)
rCorr   .            (no gloves)
SInv    .            (no boots)
Will    .....        (no amulet)
Stlth   ++++         (no ring)
HPRegen 0.24/turn    (no ring)
MPRegen 0.08/turn

%: no passive effects
@: slow
A: fangs 1, strong nose, distributed training
a: Renounce Religion


You were on level 4 of the Dungeon.
You worshipped Cheibriados.
Cheibriados was noncommittal.
You visited 2 branches of the dungeon, and saw 3 of its levels.

You collected 30 gold pieces.

Inventory:

Hand Weapons
 a - a +0 falchion (weapon)
Armour
 b - a +0 leather armour (worn)
Wands
 g - a wand of digging (3)
Scrolls
 c - a scroll of fog
 d - a scroll of revelation
 e - a scroll of fear
 h - a scroll of teleportation {unknown}
 j - a scroll of butterflies {unknown}
Potions
 f - a potion of haste
 i - a potion of might {unknown}


   Skills:
 + Level 6.4 Fighting
 + Level 0.3 Short Blades
 + Level 4.4 Long Blades
 + Level 0.3 Axes
 + Level 0.3 Maces & Flails
 + Level 0.3 Polearms
 + Level 0.3 Staves
 + Level 0.3 Ranged Weapons
 + Level 0.3 Throwing
 + Level 0.3 Armour
 + Level 4.4 Dodging
 + Level 9.5 Stealth
 + Level 0.3 Shields
 + Level 0.3 Unarmed Combat
 + Level 0.3 Spellcasting
 + Level 0.2 Conjurations
 + Level 0.2 Hexes
 + Level 0.2 Summonings
 + Level 0.2 Necromancy
 + Level 0.2 Translocations
 + Level 0.2 Fire Magic
 + Level 0.2 Ice Magic
 + Level 0.2 Air Magic
 + Level 0.2 Earth Magic
 + Level 0.2 Alchemy
 + Level 0.4 Invocations
 + Level 0.3 Evocations
 + Level 0.2 Shapeshifting


You had one spell level left.
You didn't know any spells.
Your spell library was empty.

Dungeon Overview and Level Annotations

Branches:
Dungeon (5/15)             Temple (1/1) D:4

Altars:
Ashenzari
Cheibriados
Gozag
Hepliaklqana
Kikubaaqudgha
Makhleb
Okawaru
Trog
Uskayaw
Vehumet
Wu Jian


Innate Abilities, Weirdness & Mutations

You have very sharp teeth.
Your uncanny sense of smell can sniff out nearby items.
Your experience applies equally to all skills.


Message History

Unknown command.
Okay, then.
The orc hits you with a +0 dagger. Something hits you.
* * * LOW HITPOINT WARNING * * *
You are too injured to fight recklessly!
You closely miss something. The orc hits you with a +0 dagger.
* * * LOW HITPOINT WARNING * * *
Something barely misses you.
You bump into the translucent rock wall.
Something hits you.
* * * LOW HITPOINT WARNING * * *
The orc hits you with a +0 dagger.
* * * LOW HITPOINT WARNING * * *
Unknown command.
You hit the orc.
You kill the orc!
Cheibriados appreciates the change of pace.
You feel less confused.
You hear some strange, mumbled words.
A puff of flame appears from out of thin air!
The puff of flame misses you.
You barely miss something. Something hits you.
* * * LOW HITPOINT WARNING * * *
Unknown command.
You hit something but do no damage.
You hear some strange, mumbled words.
A puff of flame appears from out of thin air!
The puff of flame misses you.
Unknown command.
You completely miss something.
You hear some strange, mumbled words.
Something tries to affect you, but you resist.
You closely miss something.
You hear some strange, mumbled words.
Something tries to affect you, but you resist.
You closely miss something.
You hear some strange, mumbled words.
A magic dart appears from out of thin air!
The magic dart hits you.
You die...

####.....#####_.....#
#...#...#############
.............####
....########....#########
.#.## #............. .#.#
#....#.#...# ...##
#...#.#.#..# ....#
#..#.#)#.#.###
.##.########...#@{.#.....
.##...........#.#.#.#..##
.############..#.#.#..##
.# #...#.#...# .#
#.........# ##
##..####### ##########
#.. ∆ .††......#####..
#####.....[.....


There were no monsters in sight!

Vanquished Creatures
  2 orcs
  An endoplasm (D:4)
  3 jackals (D:4)
6 creatures vanquished.

Notes
Turn   | Place    | Note
-------+----------+-------------------------------------------
     0 | D:5      | Reached skill level 9 in Stealth
     0 | D:5      | zenocrate the Gnoll Delver began the quest for the Orb.
     0 | D:5      | Reached XP level 1. HP: 23/23 MP: 1/1
    37 | D:5      | Noticed an orc wizard
    38 | D:5      | Noticed an orc priest
   171 | D:4      | Found a hide-covered altar of Uskayaw.
   199 | D:4      | Found a staircase to the Ecumenical Temple.
   204 | D:4      | Noticed an orc wizard
   210 | Temple   | Entered the Ecumenical Temple
   215 | Temple   | Reached XP level 2. HP: 9/29 MP: 2/2
   312 | Temple   | Became a worshipper of Cheibriados the Contemplative
   354 | D:4      | Killed from afar by an orc wizard

Illustrated notes

Levels and vault maps discovered:
D:4:      layout_loops_ring, lemuel_coloured_pillars_altar,
          overflow_temple_1_default, minmay_temple_entry_grid,
          minmay_box_of_dots
D:5:      layout_basic, minmay_shop_grid_forest
Temple:   zaba_magenta_temple

Skill      XL: | |
---------------+-+-----
Stealth        | |  9.5
Fighting       | |  6.4
Short Blades   | |  0.3
Long Blades    | |  4.4
Axes           | |  0.3
Maces & Flails | |  0.3
Polearms       | |  0.3
Staves         | |  0.3
Ranged Weapons | |  0.3
Throwing       | |  0.3
Armour         | |  0.3
Dodging        | |  4.4
Shields        | |  0.3
Unarmed Combat | |  0.3
Spellcasting   | |  0.3
Conjurations   | |  0.2
Hexes          | |  0.2
Summonings     | |  0.2
Necromancy     | |  0.2
Translocations | |  0.2
Fire Magic     | |  0.2
Ice Magic      | |  0.2
Air Magic      | |  0.2
Earth Magic    | |  0.2
Alchemy        | |  0.2
Invocations    | |  0.4
Evocations     | |  0.3
Shapeshifting  | |  0.2

Action                     || total
---------------------------++-------
  Melee: Falchion          ||    40
         Bite              ||     3
   Stab: Sleeping          ||     2
 Armour: Leather armour    ||    32
  Dodge: Dodged            ||    28
